cohdb
Replays
Latest Replays
All Replays
Popular Replays
Top Player Replays
Match Explorer
How It Works
Community
CoH3 Stats
Reddit
Sign in to upload your games and track your stats! →
Sign in with Steam
Match 46490143
Unlisted
Match 46490143
Overview
Messages
Build Orders
End
Kettenkrad Recon Vehicle
Construct Infanterie Kompanie
Selects Mechanized Battlegroup
MG 42 Machine Gun Team
GrW 34 Mortar Team
Grenadier Squad
Grenadier Squad
Grenadier Squad
Construct Luftwaffe Kompanie
Selects Spotting Scopes
Medical Bunker
Flak 30 Anti-aircraft Gun Team
Support Elements
Selects Wespe Self-propelled Artillery
Jäger Squad
Jäger Squad
Stormless
Grunka Lunka
AndreiM2006
Stock is best property
0
0
Comments
sign in to comment!
No comments posted yet!